 Dungeon Crawl Stone Soup version 0.30-a0-140-gd1020e658a (webtiles) character file.

Game seed: 2758464593853004908

72 Julmuri the Chiller (level 4, -2/30 HPs)
             Began as a Merfolk Ice Elementalist on Sept 24, 2022.
             Slain by a hobgoblin (4 damage)
             ... on level 4 of the Dungeon.
             The game lasted 00:10:00 (2561 turns).

Julmuri the Chiller (Merfolk Ice Elementalist)      Turns: 2561, Time: 00:10:00

Health: -2/30      AC:  3    Str:  8    XL:     4   Next: 25%
Magic:  8/8        EV: 12    Int: 14    God:
Gold:   170        SH:  0    Dex: 14    Spells: 7/8 levels left

rFire   + . .      SeeInvis .    h - +1 dagger
rCold   x . .      Faith    .    (no shield)
rNeg    . . .      Spirit   .    a - +0 robe
rPois   .          Reflect  .    b - +0 hat
rElec   .          Harm     .    (no cloak)
rCorr   .          Rampage  .    (no gloves)
Will    .....                    n - +0 pair of boots
Stlth   ++........               (no amulet)
HPRegen 0.10/turn                g - ring of fire
MPRegen 0.11/turn                (no ring)

@: no status effects
A: (nimble swimmer 2), mertail, dopey 1
a: no special abilities


You were on level 4 of the Dungeon.
You visited 1 branch of the dungeon, and saw 4 of its levels.

You collected 170 gold pieces.

Inventory:

Hand Weapons
 h - a +1 dagger (weapon)
Armour
 a - a +0 robe (worn)
 b - a +0 hat (worn)
 n - a +0 pair of boots (worn)
Jewellery
 g - a ring of fire (left hand)
 j - a ring of willpower
Scrolls
 d - a scroll of enchant weapon
 i - 3 scrolls of identify
 k - a scroll of noise
Potions
 l - a potion of might
 o - a potion of heal wounds {unknown}


   Skills:
 + Level 2.8 Dodging
 + Level 2.5 Stealth
 + Level 2.8 Spellcasting
 + Level 5.4 Ice Magic


You had 7 spell levels left.
You knew the following spells:

 Your Spells              Type           Power      Damage    Failure   Level
a - Freeze                Ice            68%        1d8       2%          1

Your spell library contained the following spells:

 Spells                   Type           Power      Damage    Failure   Level
 Frozen Ramparts          Ice            34%        1d6       7%          3
 Ozocubu's Armour         Ice            17%        N/A       7%          3
 Foxfire                  Conj/Fire      8%         2x1d4     22%         1
 Inner Flame              Hex/Fire       2%         N/A       54%         3
 Kindle Blastsparks       Fire/Tloc/Air  4%         2d10      54%         3
 Hailstorm                Conj/Ice       9%         3d4       56%         4
 Flame Wave               Conj/Fire      2%         2d4       91%         4


Dungeon Overview and Level Annotations

Branches:
Dungeon (4/15)
 Temple: D:4-7

Altars:

Shops:
D:3 [(


Innate Abilities, Weirdness & Mutations

((You are very nimble when in or above water. (Stealth+, EV+, Speed+++)))
Your lower body shifts to a powerful aquatic tail in water.
You are dopey. (Int -2)


Message History

The hobgoblin barely misses you.
As you read the scroll labelled NUGHOZ JEICW, it crumbles to dust.
The scroll dissolves into smoke.
It was a scroll of fog.
Your surroundings suddenly seem different.
Found 13 gold pieces, a scroll labelled EXAVVA CIPHA and a book of the Warp.
Found two stone staircases leading down.
There is a stone staircase leading down here. 2 orcs come into view.
An orc comes into view. It is wielding a +0 dagger.
The orc shouts! x2; You hear a shout!
You see here a book of the Warp.
You now have 170 gold pieces (gained 13).
An orc comes into view. It is wielding a +0 club.
Found a hand axe.
Found a scroll labelled DOMYAGH UWYT.
The orc shouts!
The orc throws a stone.
The stone barely misses you.
Found an escape hatch in the floor.
The orc throws a stone.
The stone closely misses you.
The orc throws a stone.
The stone closely misses you.
The orc wizard shouts!
The orc throws a stone.
The stone completely misses you. The hobgoblin attacks as you move away!
The hobgoblin hits you.
* * * LOW HITPOINT WARNING * * *
As you read the scroll labelled EXAVVA CIPHA, it crumbles to dust.
It is a scroll of enchant weapon.
Your +0 dagger glows red for a moment.
The jelly quivers.
The hobgoblin closely misses you.
As you read the scroll labelled DOMYAGH UWYT, it crumbles to dust.
It is a scroll of identify.
l - a potion of might The orc throws a stone.
The stone closely misses you. The hobgoblin hits you.
* * * LOW HITPOINT WARNING * * *
It was a potion of mutation.
You feel extremely strange.
You feel stupid. The orc hits you with a +0 short sword.
* * * LOW HITPOINT WARNING * * *
The orc wizard barely misses you. The hobgoblin hits you.
You die...

..## ##..## #........##.§§§#
....##....###.?.........g§§#
###...##.........>...J..§§§#
.##.....................§..#
..##....)...J.............##
...#...#.....o...........##
.......#..................
....##.......oo.go......[
...............o@........
........................
.......................#
...#..................##
..##.................... #[#
........##.......... #..#
#...... ........... .. ..
............


You could see a jelly, an orc wizard, 4 orcs, an endoplasm (wandering) and a
hobgoblin.

Vanquished Creatures
  3 gnolls (D:2)
  2 worms (D:2)
  3 orcs (D:3)
  6 endoplasms
  A giant cockroach (D:3)
  2 goblins
  3 hobgoblins
  A quokka (D:3)
  2 ball pythons (D:1)
  4 bats
  3 frilled lizards
  A kobold (D:2)
  3 rats
34 creatures vanquished.

Vanquished Creatures (others)
  A fungus (D:1)
  A plant (D:1)
  4 toadstools (D:1)
6 creatures vanquished.

Grand Total: 40 creatures vanquished

Notes
Turn   | Place    | Note
-------+----------+-------------------------------------------
     0 | D:1      | Julmuri the Merfolk Ice Elementalist began the quest for
                  | the Orb.
     0 | D:1      | Reached XP level 1. HP: 13/13 MP: 3/3
    53 | D:1      | Found a faded altar of an unknown god.
    66 | D:1      | Got Plato's Secrets of Ignition
   324 | D:1      | Reached XP level 2. HP: 19/19 MP: 3/5
  1487 | D:2      | Reached skill level 5 in Ice Magic
  1487 | D:2      | Reached XP level 3. HP: 24/24 MP: 2/6
  1730 | D:2      | Reached XP level 4. HP: 21/30 MP: 2/8
  2356 | D:3      | Found Irphol's Antique Weapon Boutique.
  2455 | D:3      | Found Ivoische's Armour Emporium.
  2561 | D:4      | Gained mutation: You are dopey. (Int -2) [potion of
                  | mutation]
  2561 | D:4      | Slain by a hobgoblin

Illustrated notes

Levels and vault maps discovered:
D:1:      ldierk_walled_garden_2, layout_basic,
          shapermc_ecumenical_altar_rom_forum
D:2:      layout_loops_corners
D:3:      layout_basic, doesnt_xom_only_xom, serial_shops,
          nicolae_shop_behind_doors, nicolae_shop_trees, shop, shop
D:4:      layout_cave_pools, minmay_temple_entry_glass, hangedman_glass_teeth

Skill      XL: |  1  2 |
---------------+-------+-----
Ice Magic      | 5 |  5.4
Dodging        | |  2.8
Stealth        | |  2.5
Spellcasting   | |  2.8

Action                   |  1- 3 |  4- 6 || total
-------------------------+-------+-------++-------
Melee: Unarmed           |     8 |       ||     8
       Punch             |     1 |       ||     1
       Dagger            |     4 |     3 ||     7
 Cast: Freeze            |    47 |    16 ||    63
  Use: Potion            |     1 |     3 ||     4
       Scroll            |       |     6 ||     6
Armor: Robe              |     5 |     3 ||     8
Dodge: Dodged            |    21 |    15 ||    36

Table legend: (Time is in decaauts)
 A = Elapsed time spent in this place.
 B = Non-inter-level travel time spent in this place.
 C = Inter-level travel time spent in this place.
 D = Time resting spent in this place.
 E = Time spent auto-exploring this place.
 F = Levels seen in this place.
 G = Mean time per level.
                   A        B        C        D        E       F      G
               +--------+--------+--------+--------+--------+-----+--------+
         Total |   2555 |   2477 |     78 |     64 |   1855 |   4 |  638.8 |
       Dungeon |   2555 |   2477 |     78 |     64 |   1855 |   4 |  638.8 |
               +--------+--------+--------+--------+--------+-----+--------+

Top non-repeatable levels by time:
     D:2: 1194 daAuts
     D:1: 1059 daAuts
     D:3: 224 daAuts
     D:4: 76 daAuts
